General information
- name: BNet
- type: Ladder team game (AT/RT)
- host: Battle.net
- saver: Chodeispro
map: Deadlock
- players: 8
- length: 60:15
- speed: Fast
- version: 1.26 W3XP
- replay type: Public
» download(320 KB)
Players
team 1 (loser)
RaUnT (
yellow | 53 APM | 3191 actions | 60:15)
5 Keeper of the Grove
3 Entangling Roots
2 Thorns Aura
4 Warden
2 Shadow Strike
1 Blink
1 Fan of Knives
5 Priestess of the Moon
1 Scout
3 Trueshot Aura
1 Searing Arrows
2 Blood Mage
1 Flame Strike
1 Banish
» actions
| Assign group hotkey | 87 | |
| Basic commands | 165 | |
| Build / train | 109 | |
| ESC pressed | 5 | |
| Enter build submenu | 23 | |
| Enter hero's abilities submenu | 18 | |
| Give item / drop item | 1 | |
| Remove unit from queue | 2 | |
| Right click | 1015 | |
| Select / deselect | 605 | |
| Select group hotkey | 1054 | |
| Use ability | 101 | |
3191 total
» units
| Wisp | 11 | |
| Archer | 5 | |
| Druid of the Talon | 5 | |
| Chimaera | 7 | |
| Mortar Team | 3 | |
| Hippogryph | 9 | |
| Siege Engine | 13 | |
53 total
» upgrades
| Strength of the Wild | 3 | |
| Druid of the Talon Training | 2 | |
| Reinforced Hides | 3 | |
| Mark of the Talon | 1 | |
| Gunpowder | 3 | |
| Armor | 3 | |
| Corrosive Breath | 1 | |
| Barrage | 1 | |
17 total
» buildings
| Altar of Elders | 1 | |
| Moon Well | 7 | |
| Ancient of War | 1 | |
| Tree of Ages | 3 | |
| Hunter's Hall | 1 | |
| Ancient of Wonders | 1 | |
| Tree of Eternity | 1 | |
| Ancient of Wind | 2 | |
| Keep | 1 | |
| Chimaera Roost | 1 | |
| Farm | 4 | |
| Castle | 2 | |
| Workshop | 2 | |
| Town Hall | 1 | |
28 total
» build order
00:22 Altar of Elders
00:36 Moon Well
00:50 Ancient of War
01:41 Moon Well
02:55 Tree of Ages
02:55 Tree of Ages
03:09 Hunter's Hall
03:25 Ancient of Wonders
04:21 Moon Well
05:42 Tree of Eternity
05:47 Ancient of Wind
06:45 Moon Well
06:49 Moon Well
08:05 Keep
09:13 Chimaera Roost
09:30 Farm
10:46 Castle
10:52 Workshop
11:12 Workshop
12:53 Moon Well
15:53 Town Hall
17:00 Moon Well
18:04 Farm
20:19 Ancient of Wind
22:12 Castle
26:28 Farm
26:33 Farm
» items

»
Curren5y (
red | 45 APM | 358 actions | 07:54)
1 Blood Mage
1 Flame Strike
» actions
| Build / train | 41 | |
| Enter build submenu | 23 | |
| Enter hero's abilities submenu | 1 | |
| Remove unit from queue | 3 | |
| Right click | 137 | |
| Select / deselect | 118 | |
| Use ability | 35 | |
358 total
» units
» buildings
| Altar of Kings | 1 | |
| Farm | 4 | |
| Lumber Mill | 1 | |
| Blacksmith | 1 | |
| Scout Tower | 17 | |
| Arcane Tower | 1 | |
| Guard Tower | 14 | |
| Arcane Vault | 1 | |
40 total
» build order
00:05 Altar of Kings
00:09 Farm
00:10 Farm
01:12 Lumber Mill
01:24 Blacksmith
01:41 Scout Tower
01:46 Scout Tower
02:11 Scout Tower
02:15 Arcane Tower
02:24 Guard Tower
02:29 Scout Tower
02:44 Guard Tower
02:52 Scout Tower
03:15 Arcane Vault
03:23 Guard Tower
03:29 Farm
03:39 Guard Tower
03:40 Guard Tower
04:09 Scout Tower
04:14 Farm
04:49 Scout Tower
04:51 Scout Tower
04:52 Scout Tower
05:17 Scout Tower
05:19 Guard Tower
05:26 Scout Tower
05:27 Guard Tower
05:31 Scout Tower
05:38 Scout Tower
05:45 Guard Tower
05:54 Scout Tower
05:55 Guard Tower
06:04 Scout Tower
06:10 Scout Tower
06:14 Guard Tower
06:33 Guard Tower
06:39 Guard Tower
06:54 Scout Tower
07:21 Guard Tower
» items
Chodeispro (
blue | 71 APM | 4291 actions | 60:15)
10 Blademaster
3 Wind Walk
3 Critical Strike
1 Bladestorm
3 Mirror Image
3 Blood Mage
3 Banish
1 Mountain King
1 Bash
» actions
| Assign group hotkey | 47 | |
| Basic commands | 170 | |
| Build / train | 154 | |
| ESC pressed | 16 | |
| Enter build submenu | 56 | |
| Enter hero's abilities submenu | 14 | |
| Give item / drop item | 38 | |
| Remove unit from queue | 3 | |
| Right click | 1842 | |
| Select / deselect | 655 | |
| Select group hotkey | 956 | |
| Use ability | 339 | |
4291 total
» units
| Peon | 17 | |
| Spirit Walker | 10 | |
| Flying Machine | 4 | |
| Wind Rider | 13 | |
| Troll Batrider | 12 | |
56 total
» upgrades
| Spiked Barricades | 4 | |
| Spirit Walker Training | 2 | |
| Reinforced Defenses | 2 | |
| Masonry | 3 | |
| Ranged Weapons | 3 | |
| Armor | 3 | |
| Pillage | 1 | |
| Troll Regeneration | 1 | |
| Envenomed Spears | 1 | |
| Liquid Fire | 1 | |
| Witch Doctor Training | 2 | |
| Backpack | 1 | |
| Ensnare | 2 | |
| Melee Weapons | 3 | |
| Shaman Training | 2 | |
| Berserker Upgrade | 1 | |
| Berserker Strength | 1 | |
| Burning Oil | 1 | |
34 total
» buildings
| Altar of Storms | 1 | |
| Orc Burrow | 7 | |
| War Mill | 2 | |
| Barracks | 1 | |
| Voodoo Lounge | 2 | |
| Stronghold | 1 | |
| Spirit Lodge | 2 | |
| Fortress | 1 | |
| Great Hall | 2 | |
| Guard Tower | 1 | |
| Watch Tower | 26 | |
| Arcane Vault | 1 | |
| Beastiary | 4 | |
| Keep | 1 | |
| Farm | 2 | |
54 total
» build order
00:04 Altar of Storms
00:07 Orc Burrow
00:54 War Mill
01:09 Orc Burrow
01:40 Barracks
02:34 Voodoo Lounge
02:51 Stronghold
04:33 Orc Burrow
05:17 Spirit Lodge
05:24 Spirit Lodge
06:39 Fortress
08:08 Orc Burrow
08:28 Great Hall
10:03 Guard Tower
11:28 Watch Tower
11:32 Watch Tower
11:37 Watch Tower
11:44 Watch Tower
11:54 Watch Tower
11:57 Watch Tower
12:47 Arcane Vault
12:59 Watch Tower
13:56 Watch Tower
16:10 Watch Tower
16:12 Watch Tower
17:18 Beastiary
17:56 Beastiary
19:01 Keep
20:30 Farm
21:00 Orc Burrow
23:19 Orc Burrow
25:31 Watch Tower
29:14 Beastiary
29:17 Beastiary
29:55 Watch Tower
30:00 Watch Tower
31:31 Watch Tower
31:33 Watch Tower
31:36 Watch Tower
32:20 Farm
34:58 Watch Tower
34:59 Watch Tower
34:59 Watch Tower
42:37 Great Hall
43:03 Watch Tower
43:04 Watch Tower
43:06 Watch Tower
43:07 Watch Tower
43:09 Watch Tower
44:37 Orc Burrow
44:44 Voodoo Lounge
45:37 Watch Tower
45:44 Watch Tower
55:07 War Mill
» items
| Boots of Speed | 1 | |
| Periapt of Vitality | 1 | |
| Healing Salve | 9 | |
| Lesser Clarity Potion | 13 | |
| Orb of Lightning | 3 | |
| Scroll of Regeneration | 4 | |
| Scroll of Town Portal | 4 | |
| Orb of Fire | 1 | |
| Staff of Teleportation | 1 | |
| Scroll of Healing | 1 | |
38 total

»
bsmithjmu (
purple | 28 APM | 875 actions | 31:16)
5 Blademaster
1 Wind Walk
1 Mirror Image
2 Critical Strike
1 Bladestorm
» actions
| Assign group hotkey | 17 | |
| Build / train | 64 | |
| Enter build submenu | 18 | |
| Enter hero's abilities submenu | 4 | |
| Give item / drop item | 1 | |
| Remove unit from queue | 1 | |
| Right click | 274 | |
| Select / deselect | 225 | |
| Select group hotkey | 244 | |
| Use ability | 27 | |
875 total
» units
| Peon | 12 | |
| Grunt | 3 | |
| Troll Headhunter/Berserker | 2 | |
| Wind Rider | 26 | |
43 total
» upgrades
| Melee Weapons | 0 | |
| Armor | 3 | |
| Berserker Strength | 1 | |
| Ranged Weapons | 3 | |
| Envenomed Spears | 1 | |
8 total
» buildings
| Altar of Storms | 1 | |
| Orc Burrow | 8 | |
| War Mill | 1 | |
| Barracks | 1 | |
| Stronghold | 1 | |
| Fortress | 1 | |
| Beastiary | 2 | |
| Great Hall | 2 | |
| Voodoo Lounge | 1 | |
18 total
» build order
00:10 Altar of Storms
00:13 Orc Burrow
00:55 War Mill
01:29 Orc Burrow
02:26 Barracks
02:46 Stronghold
03:40 Orc Burrow
04:45 Orc Burrow
05:27 Fortress
05:53 Orc Burrow
07:19 Beastiary
07:37 Beastiary
07:51 Orc Burrow
10:39 Great Hall
11:04 Orc Burrow
12:56 Orc Burrow
21:05 Voodoo Lounge
24:08 Great Hall
» items
team 2 (winner)
x3m_test (
orange | 52 APM | 3157 actions | 60:15)
7 Demon Hunter
1 Immolation
3 Mana Burn
2 Evasion
1 Metamorphosis
4 Priestess of the Moon
2 Trueshot Aura
2 Searing Arrows
» actions
| Assign group hotkey | 224 | |
| Basic commands | 15 | |
| Build / train | 119 | |
| ESC pressed | 6 | |
| Enter build submenu | 23 | |
| Enter hero's abilities submenu | 11 | |
| Remove unit from queue | 6 | |
| Right click | 1160 | |
| Select / deselect | 556 | |
| Select group hotkey | 902 | |
| Use ability | 135 | |
3157 total
» units
| Wisp | 28 | |
| Huntress | 6 | |
| Glaive Thrower | 2 | |
| Dryad | 23 | |
| Hippogryph | 10 | |
| Druid of the Talon | 3 | |
| Druid of the Claw | 2 | |
74 total
» upgrades
| Strength of the Wild | 3 | |
| Reinforced Hides | 3 | |
| Abolish Magic | 1 | |
| Sentinel | 1 | |
| Strength of the Moon | 1 | |
| Ultravision | 1 | |
| Druid of the Talon Training | 2 | |
| Mark of the Talon | 1 | |
| Druid of the Claw Training | 2 | |
| Mark of the Claw | 1 | |
16 total
» buildings
| Moon Well | 7 | |
| Altar of Elders | 1 | |
| Hunter's Hall | 1 | |
| Ancient of War | 1 | |
| Ancient of Wonders | 1 | |
| Ancient Protector | 1 | |
| Tree of Ages | 1 | |
| Tree of Life | 5 | |
| Ancient of Lore | 2 | |
| Tree of Eternity | 1 | |
| Ancient of Wind | 2 | |
23 total
» build order
00:11 Moon Well
00:18 Altar of Elders
01:15 Hunter's Hall
01:41 Ancient of War
01:55 Moon Well
02:06 Ancient of Wonders
02:51 Ancient Protector
03:58 Moon Well
05:24 Tree of Ages
06:19 Moon Well
07:34 Tree of Life
07:40 Moon Well
07:58 Ancient of Lore
08:30 Ancient of Lore
08:44 Moon Well
10:46 Tree of Eternity
14:18 Ancient of Wind
16:23 Ancient of Wind
19:26 Moon Well
23:31 Tree of Life
34:42 Tree of Life
41:53 Tree of Life
46:58 Tree of Life
» items
| Scroll of Town Portal | 5 | |
| Orb of Venom | 1 | |
| Potion of Healing | 1 | |
| Orb of Lightning | 1 | |
8 total
vallyindaclub (
pink | 56 APM | 2758 actions | 49:17)
5 Mountain King
3 Storm Bolt
1 Bash
1 Thunder Clap
2 Paladin
1 Divine Shield
1 Holy Light
» actions
| Assign group hotkey | 84 | |
| Basic commands | 70 | |
| Build / train | 126 | |
| Enter build submenu | 30 | |
| Enter hero's abilities submenu | 7 | |
| Give item / drop item | 1 | |
| Right click | 837 | |
| Select / deselect | 980 | |
| Select group hotkey | 503 | |
| Use ability | 120 | |
2758 total
» units
| Peasant | 12 | |
| Rifleman | 4 | |
| Mortar Team | 9 | |
| Flying Machine | 15 | |
| Siege Engine | 22 | |
62 total
» upgrades
| Masonry | 3 | |
| Gunpowder | 3 | |
| Long Rifles | 1 | |
| Flare | 1 | |
| Magic Sentry | 1 | |
| Lumber Harvesting | 1 | |
| Flak Cannons | 1 | |
| Flying Machine Bombs | 1 | |
| Barrage | 1 | |
| Plating | 3 | |
16 total
» buildings
| Lumber Mill | 2 | |
| Farm | 8 | |
| Altar of Kings | 1 | |
| Blacksmith | 1 | |
| Barracks | 1 | |
| Scout Tower | 6 | |
| Arcane Tower | 2 | |
| Guard Tower | 4 | |
| Keep | 1 | |
| Arcane Vault | 1 | |
| Workshop | 2 | |
| Arcane Sanctum | 1 | |
| Castle | 1 | |
| Town Hall | 3 | |
34 total
» build order
00:23 Lumber Mill
00:52 Farm
01:08 Altar of Kings
01:24 Blacksmith
01:32 Farm
02:10 Barracks
02:14 Scout Tower
02:22 Scout Tower
02:27 Scout Tower
02:42 Arcane Tower
02:45 Farm
02:50 Arcane Tower
03:00 Guard Tower
03:31 Farm
03:36 Keep
03:46 Arcane Vault
04:14 Scout Tower
04:47 Guard Tower
04:50 Farm
05:30 Scout Tower
06:05 Guard Tower
06:10 Workshop
06:50 Workshop
07:08 Farm
09:23 Lumber Mill
12:46 Scout Tower
13:00 Arcane Sanctum
13:37 Guard Tower
14:05 Castle
14:25 Farm
16:05 Farm
20:56 Town Hall
26:04 Town Hall
32:07 Town Hall
» items
| Lesser Clarity Potion | 10 | |
| Scroll of Regeneration | 7 | |
| Potion of Healing | 5 | |
| Potion of Mana | 4 | |
| Scroll of Town Portal | 3 | |
| Orb of Fire | 2 | |
31 total
spiritwalkerman (
green | 61 APM | 3652 actions | 60:08)
9 Blademaster
3 Wind Walk
3 Critical Strike
1 Bladestorm
2 Mirror Image
» actions
| Assign group hotkey | 38 | |
| Basic commands | 312 | |
| Build / train | 95 | |
| Enter build submenu | 38 | |
| Enter hero's abilities submenu | 9 | |
| Give item / drop item | 6 | |
| Remove unit from queue | 2 | |
| Right click | 1350 | |
| Select / deselect | 381 | |
| Select group hotkey | 1268 | |
| Use ability | 153 | |
3652 total
» units
| Peon | 28 | |
| Grunt | 3 | |
| Wind Rider | 14 | |
| Demolisher | 5 | |
50 total
» upgrades
| Ranged Weapons | 2 | |
| Armor | 2 | |
| Reinforced Defenses | 1 | |
| Envenomed Spears | 1 | |
| Liquid Fire | 1 | |
| Burning Oil | 1 | |
8 total
» buildings
| Altar of Storms | 1 | |
| Orc Burrow | 6 | |
| Barracks | 3 | |
| Voodoo Lounge | 1 | |
| Stronghold | 1 | |
| Great Hall | 3 | |
| War Mill | 3 | |
| Watch Tower | 41 | |
| Fortress | 2 | |
| Beastiary | 3 | |
64 total
» build order
00:11 Altar of Storms
00:17 Orc Burrow
00:41 Barracks
01:28 Orc Burrow
02:02 Voodoo Lounge
03:28 Stronghold
03:45 Orc Burrow
04:25 Great Hall
05:17 War Mill
05:41 Orc Burrow
06:37 Watch Tower
06:37 Watch Tower
06:38 Watch Tower
06:39 Watch Tower
06:40 Watch Tower
06:41 Watch Tower
06:42 Watch Tower
07:44 Watch Tower
08:05 Great Hall
08:45 Fortress
08:45 Fortress
09:45 Beastiary
09:46 Beastiary
09:48 Beastiary
09:55 Watch Tower
09:55 Watch Tower
09:56 Watch Tower
09:56 Watch Tower
09:57 Watch Tower
10:33 Orc Burrow
12:03 Watch Tower
12:04 Watch Tower
12:05 Watch Tower
12:06 Watch Tower
12:07 Watch Tower
13:07 Watch Tower
13:07 Watch Tower
13:45 Orc Burrow
14:52 Watch Tower
14:52 Watch Tower
16:21 Watch Tower
16:21 Watch Tower
16:22 Watch Tower
16:22 Watch Tower
16:24 Watch Tower
16:24 Watch Tower
22:51 Great Hall
22:53 Watch Tower
22:53 Watch Tower
22:53 Watch Tower
22:53 Watch Tower
24:09 Watch Tower
24:09 Watch Tower
24:10 Watch Tower
24:10 Watch Tower
24:12 Watch Tower
24:13 Watch Tower
25:29 Watch Tower
25:29 Watch Tower
25:32 Watch Tower
25:38 War Mill
49:56 Barracks
49:56 Barracks
55:24 War Mill
» items
| Healing Salve | 5 | |
| Potion of Healing | 3 | |
| Staff of Teleportation | 1 | |
| Potion of Lesser Invulnerability | 2 | |
| Orb of Lightning | 3 | |
| Scroll of Town Portal | 4 | |
| Scroll of Healing | 1 | |
| Tiny Great Hall | 1 | |
20 total
bustakappa (
teal | 29 APM | 1020 actions | 35:41)
1 Demon Hunter
1 Mana Burn
» actions
| Basic commands | 4 | |
| Build / train | 122 | |
| Enter build submenu | 59 | |
| Enter hero's abilities submenu | 1 | |
| Right click | 471 | |
| Select / deselect | 279 | |
| Use ability | 84 | |
1020 total
» units
» upgrades
| Nature's Blessing | 1 | |
| Strength of the Wild | 2 | |
3 total
» buildings
| Hunter's Hall | 1 | |
| Moon Well | 3 | |
| Ancient Protector | 47 | |
| Altar of Elders | 1 | |
| Tree of Ages | 3 | |
| Tree of Eternity | 1 | |
| Ancient of Wind | 2 | |
| Tree of Life | 2 | |
60 total
» build order
00:07 Hunter's Hall
00:48 Moon Well
01:47 Ancient Protector
02:16 Ancient Protector
02:51 Ancient Protector
03:10 Ancient Protector
03:28 Ancient Protector
03:56 Ancient Protector
04:08 Ancient Protector
04:22 Ancient Protector
04:40 Ancient Protector
04:43 Ancient Protector
05:07 Altar of Elders
05:22 Ancient Protector
05:34 Ancient Protector
05:56 Ancient Protector
06:21 Ancient Protector
06:30 Ancient Protector
06:39 Ancient Protector
06:51 Ancient Protector
06:59 Ancient Protector
07:26 Ancient Protector
08:11 Ancient Protector
08:16 Ancient Protector
08:31 Ancient Protector
08:49 Ancient Protector
09:01 Ancient Protector
09:19 Moon Well
09:36 Ancient Protector
09:52 Tree of Ages
09:53 Tree of Ages
09:53 Tree of Ages
10:11 Ancient Protector
10:24 Ancient Protector
10:44 Ancient Protector
11:37 Ancient Protector
11:41 Ancient Protector
11:45 Ancient Protector
12:23 Ancient Protector
14:20 Ancient Protector
14:43 Ancient Protector
14:52 Ancient Protector
15:07 Ancient Protector
17:45 Ancient Protector
17:49 Ancient Protector
17:55 Ancient Protector
18:15 Ancient Protector
18:32 Ancient Protector
18:47 Ancient Protector
19:04 Ancient Protector
19:45 Tree of Eternity
19:55 Ancient of Wind
20:17 Ancient of Wind
20:45 Ancient Protector
20:52 Ancient Protector
23:19 Tree of Life
23:32 Ancient Protector
23:36 Ancient Protector
24:16 Moon Well
30:32 Tree of Life
Chat log
(00:11 / Allies) Chodeispro: plan?
(00:14 / Allies) Chodeispro: mine is spirit walkers
(00:33 / Allies) RaUnT: i chims and mages
(00:34 / All) spiritwalkerman: i dont like stabbing with him he is always drunk or high
(06:04 / Allies) RaUnT: xd
(06:05 / Allies) RaUnT: lol
(07:11 / Allies) RaUnT: rrepair red
(07:59 / Allies) RaUnT: omfg
(08:02 / Allies) Chodeispro: not over yet
(11:59 / Allies) RaUnT: go all ?¡
(12:17 / Allies) RaUnT: kill mortans
(13:08 / Allies) RaUnT: sux
(13:30 / Allies) RaUnT: back
(13:34 / Allies) RaUnT: back
(13:46 / Allies) RaUnT: go ?
(13:52 / Allies) RaUnT: coem blue u units
(14:13 / Allies) RaUnT: buy tp all
(14:33 / Allies) Chodeispro: hit there
(14:36 / Allies) Chodeispro: green sucks
(14:39 / Allies) Chodeispro: no need to hit him
(15:25 / Allies) RaUnT: go !
(16:08 / Allies) RaUnT: go blue
(17:08 / Allies) RaUnT: go !
(18:10 / Allies) RaUnT: go !
(19:56 / Allies) RaUnT: netx
(20:11 / Allies) RaUnT: back
(20:14 / Allies) RaUnT: more air
(21:04 / Allies) RaUnT: make melee blue
(21:05 / Allies) RaUnT: taurens
(21:24 / Allies) Chodeispro: making wyverns
(21:34 / Allies) RaUnT: tp all
(21:51 / Allies) RaUnT: tp alal
(21:52 / Allies) RaUnT: come
(23:03 / Allies) RaUnT: god ?¿
(23:04 / Allies) RaUnT: gold
(23:10 / Allies) Chodeispro: have none sorry
(24:06 / Allies) RaUnT: we need atack
(26:43 / Allies) RaUnT: rrepar towers
(26:44 / Allies) RaUnT: rrepair
(27:27 / Allies) RaUnT: coem blue u hero
(33:15 / All) spiritwalkerman: apologize orange
(33:26 / All) spiritwalkerman: u said bad things about my mother
(33:53 / Allies) RaUnT: sen tankers
(35:07 / All) spiritwalkerman: i have a spy on the other team
(35:09 / All) spiritwalkerman: i cant do that orange
(36:28 / Allies) RaUnT: mk
(37:00 / Allies) RaUnT: mk
(37:08 / Allies) Chodeispro: got it already moron
(38:12 / All) spiritwalkerman: i am not a noob
(38:14 / All) spiritwalkerman: im gonna blue
(38:18 / All) spiritwalkerman: blue sucks ill rape him!
(39:11 / All) spiritwalkerman: my team out of gold
(39:13 / All) spiritwalkerman: ill prove to u know
(39:13 / All) Chodeispro: good
(39:19 / All) spiritwalkerman: we played vs pink and orange before
(39:21 / All) spiritwalkerman: let me get proof
(39:28 / All) Chodeispro: search our replays on highperch
(39:31 / All) Chodeispro: the archive if need be
(40:01 / All) spiritwalkerman: (20:13 / All) x3m_test: hope u enjoy palying like this, thats the only way u can "win"
(40:12 / All) spiritwalkerman: couple months ago
(40:14 / Allies) RaUnT: used gold men
(40:16 / All) Chodeispro: you can leave yellow
(40:18 / Allies) RaUnT: make mor eunits
(40:20 / All) Chodeispro: I am on the other team, a Nazi spy
(40:35 / All) x3m_test: still ur beeing an ass
(40:43 / All) Chodeispro: yes we are orange
(40:45 / All) Chodeispro: you can leave now
(41:13 / Allies) RaUnT: atack blue
(41:16 / Allies) RaUnT: they have expas
(41:24 / Allies) Chodeispro: shut the fuck up I told you I am on the other team
(41:27 / Allies) RaUnT: and make more expas and more units
(41:34 / Allies) RaUnT: hum
(41:52 / All) spiritwalkerman: nothing special
(41:54 / All) spiritwalkerman: he jus ttalks crap
(42:08 / All) Chodeispro: who?
(42:24 / Allies) RaUnT: if u no make melee u loss
(42:41 / Allies) Chodeispro: already told you fucktard
(42:44 / Allies) Chodeispro: I am on the other team
(42:46 / Allies) Chodeispro: I DO NOT care if we win
(42:55 / All) Chodeispro: that expo has no gold btw
(46:07 / All) spiritwalkerman: either orange or pink is stabbing with teal
(46:08 / All) spiritwalkerman: not sure which
(46:20 / All) x3m_test: yeah, sure
(46:21 / All) spiritwalkerman: orange and pink we have stabbed but nothing impressive
(46:29 / All) spiritwalkerman: orange is a mass gamer
(46:34 / All) spiritwalkerman: and pink tries hard but doesnt talk
(47:49 / All) spiritwalkerman: oh yellow is here
(47:52 / All) spiritwalkerman: standoff?
(47:54 / All) Chodeispro: sure
(48:00 / All) spiritwalkerman: yellow u here or afk?
(48:12 / All) spiritwalkerman: me and bue are friends, we're gonna give both sides equal chance to win
(48:20 / All) x3m_test: lol
(48:24 / All) spiritwalkerman: we will kill all our units, INCLUDING our own, and leave one buidling on each side
(48:28 / All) Chodeispro: yes we will
(48:31 / All) spiritwalkerman: then leave game
(48:33 / All) Chodeispro: brb first though 1 sec
(48:33 / All) x3m_test: u 2 suck and r a pair of losers
(48:43 / All) spiritwalkerman: settle down orange
(50:26 / All) Chodeispro: back
(50:35 / All) spiritwalkerman: yellow here or afk
(50:38 / All) Chodeispro: afk
(50:52 / All) spiritwalkerman: i think orange will stay in the game
(50:55 / All) spiritwalkerman: he is a trooper
(50:59 / All) Chodeispro: should I kill my shit now?
(51:17 / All) spiritwalkerman: not quite let me make sure he cant rez dh
(51:26 / All) Chodeispro: he is on your team
(51:33 / All) Chodeispro: my team just has my shit
(51:34 / All) spiritwalkerman: very good rod
(51:55 / All) Chodeispro: my teams always suck enough to take care of themselves. you always get the fun parts
(52:02 / All) spiritwalkerman: no
(52:08 / All) spiritwalkerman: when turncoat plays i always go defensive
(52:10 / All) spiritwalkerman: he does most of work
(53:12 / All) Chodeispro: gonna start killing my shit
(53:16 / All) spiritwalkerman: k kill yo shit now
(53:20 / All) spiritwalkerman: orange is harmless
(53:55 / All) Chodeispro: yellow had shared control so I detonated all of his wisps earlier which was fun
(54:05 / All) spiritwalkerman: can u make a warmill
(54:09 / All) spiritwalkerman: lets put one in mid
(54:10 / All) Chodeispro: yes
(54:51 / All) Chodeispro: I will make mine on the bot mid side
(54:55 / All) Chodeispro: near the mine
(54:56 / All) Chodeispro: come there
(56:35 / All) Chodeispro: good use of bladestorm, cost effectiver
(56:56 / All) spiritwalkerman: bm battle
(56:57 / All) Chodeispro: killing my amry now
(57:12 / All) spiritwalkerman: scout my base
(57:13 / All) spiritwalkerman: so yellow sees
(57:43 / All) spiritwalkerman: scout my base k?
(57:46 / All) Chodeispro: I am
(57:53 / All) spiritwalkerman: expos too
(58:06 / All) Chodeispro: this bm battle is gay
(58:36 / All) Chodeispro: lucky ass
(58:41 / All) spiritwalkerman: 9 hp
(58:55 / All) spiritwalkerman: 2 towers left and war mill
(59:11 / All) Chodeispro: still have my towers that I used to kill my shit
(59:16 / All) Chodeispro: scouted all of your stuff
(59:22 / All) Chodeispro: killing last 2 wyverns now
(59:23 / All) spiritwalkerman: ready?
(59:25 / All) Chodeispro: sec
(59:54 / All) spiritwalkerman: good luck yelllow and orange, may the best internet service provider win
(60:00 / All) Chodeispro: LET IT BEGIN, LET IT BEGIN